AoeStats
← K

Fortress

509700593Analyzed
4v4 RM · 6d ago on Sep 27, 2026· 68m 3s· 8 players
Game mode
Random Map
Map size
Huge
Population
200
Speed
Normal
Resources
Standard
Victory
Conquest
Starting age
Dark Age
Ending age
Imperial Age
RankedLock teamsTeams togetherTeam positionsShared explorationLock speedFull tech treeHidden civsTurbo modeCheats
Victory
Defeat
🇮🇳 Persians · India
1236
+12
🇮🇳 Saracens · India
1206
+13
🇰🇿 Khmer · Kazakhstan
1182
+14
🇭🇷 Celts · Croatia
1148
+17
🇹🇷 Burgundians · Türkiye
1178
-15
🇺🇸 Spanish · United States
1151
-14
🇩🇪 Cumans · Germany
1142
-14
🇬🇧 Huns · United Kingdom
1122
-13
haki
6:40 Feudal Age
7:11 Double-Bit Axe
13:18 Loom
16:52 Castle Age
15:20 Gold Mining
15:50 Fletching
16:39 Padded Archer Armor
16:54 Bloodlines
21:19 Bodkin Arrow
24:24 Bow Saw
25:57 Wheelbarrow
26:53 Gold Shaft Mining
26:19 Horse Collar
27:15 Leather Archer Armor
27:53 Hand Cart
28:56 Light Cavalry
36:33 Imperial Age
36:01 Town Watch
38:23 Elite Kipchak
40:11 Stone Mining
40:23 Heavy Plow
41:44 Ring Archer Armor
41:25 Forging
42:45 Two-Man Saw
42:10 Conscription
43:34 Crop Rotation
42:44 Elite Steppe Lancer
44:20 Scale Barding Armor
44:51 Iron Casting
45:12 Caravan
45:23 Guilds
47:07 Chain Barding Armor
47:47 Blast Furnace
51:05 Plate Barding Armor
55:34 Cuman Mercenaries
55:35 Steppe Husbandry
56:16 Hoardings
cm2of4
7:25 Feudal Age
9:12 Double-Bit Axe
10:47 Wheelbarrow
14:24 Castle Age
15:54 Bow Saw
18:09 Horse Collar
24:58 Imperial Age
22:44 Scale Mail Armor
22:55 Forging
22:08 Pikeman
25:46 Hand Cart
25:53 Gold Mining
27:17 Two-Man Saw
27:54 Chemistry
27:42 Fortified Wall
27:27 Murder Holes
28:17 Chain Mail Armor
28:02 Padded Archer Armor
29:03 Conscription
28:42 Fletching
32:41 Leather Archer Armor
32:22 Bodkin Arrow
32:35 Squires
32:24 Arson
32:18 Halberdier
35:37 Ring Archer Armor
35:43 Iron Casting
35:59 Scale Barding Armor
36:24 Plate Mail Armor
35:55 Bracer
35:59 Heavy Plow
38:41 Chain Barding Armor
39:22 Blast Furnace
41:55 Onager
44:01 Caravan
45:01 Loom
45:03 Town Watch
45:56 Plate Barding Armor
49:56 Cavalier
50:37 Husbandry
50:47 Bloodlines
49:58 Light Cavalry
58:03 Hussar
CorumluTony
5:56 Feudal Age
4:40 Double-Bit Axe
5:06 Horse Collar
7:00 Bow Saw
7:38 Heavy Plow
7:56 Gold Mining
11:26 Loom
13:58 Castle Age
13:10 Scale Barding Armor
13:16 Forging
14:54 Burgundian Vineyards
15:28 Husbandry
17:55 Chain Barding Armor
21:19 Iron Casting
25:24 Wheelbarrow
26:33 Hand Cart
26:04 Town Watch
30:15 Imperial Age
31:30 Two-Man Saw
30:04 Light Cavalry
31:38 Plate Barding Armor
32:11 Chemistry
32:04 Conscription
33:03 Blast Furnace
33:23 Hussar
34:01 Fletching
34:12 Padded Archer Armor
36:09 Elite Skirmisher
38:31 Leather Archer Armor
39:01 Ballistics
39:47 Town Patrol
39:54 Bodkin Arrow
43:41 Crop Rotation
43:13 Bracer
43:14 Scale Mail Armor
43:26 Masonry
43:28 Fortified Wall
45:41 Hoardings
44:59 Stone Mining
45:44 Gold Shaft Mining
45:27 Chain Mail Armor
44:38 Pikeman
45:18 Squires
45:04 Arson
46:43 Caravan
48:38 Capped Ram
50:11 Halberdier
51:27 Plate Mail Armor
K
6:36 Feudal Age
11:58 Castle Age
10:12 Double-Bit Axe
16:40 Bow Saw
17:27 Horse Collar
19:53 Loom
20:45 Wheelbarrow
20:13 Heavy Plow
20:07 Gold Mining
24:10 Gold Shaft Mining
23:27 Town Watch
23:58 Hand Cart
24:07 Forging
24:02 Scale Barding Armor
26:29 Imperial Age
25:01 Husbandry
26:19 Iron Casting
26:04 Chain Barding Armor
26:49 Bloodlines
26:58 Marauders
28:22 Blast Furnace
27:45 Conscription
26:50 Elite Tarkan
30:49 Plate Barding Armor
30:30 Squires
32:17 Pikeman
32:43 Arson
33:01 Scale Mail Armor
32:51 Fletching
33:02 Padded Archer Armor
34:24 Halberdier
37:43 Chain Mail Armor
37:24 Bodkin Arrow
37:44 Leather Archer Armor
37:23 Elite Skirmisher
38:08 Thumb Ring
40:19 Bracer
43:40 Chemistry
43:00 Ballistics
44:31 Murder Holes
45:45 Two-Man Saw
51:07 Town Patrol
53:00 Light Cavalry
60:23 Masonry
roko
8:54 Feudal Age
9:35 Double-Bit Axe
12:31 Castle Age
11:13 Gold Mining
11:13 Stone Mining
17:41 Scale Mail Armor
24:14 Horse Collar
24:58 Pikeman
31:06 Heavy Plow
32:16 Wheelbarrow
33:06 Gold Shaft Mining
33:10 Forging
34:29 Stone Mining
34:37 Loom
37:04 Bow Saw
40:27 Imperial Age
39:27 Fletching
39:35 Murder Holes
40:26 Hand Cart
40:32 Capped Ram
43:19 Furor Celtica
43:16 Bodkin Arrow
43:08 Siege Ram
44:46 Stone Shaft Mining
44:22 Man-at-Arms
47:19 Padded Archer Armor
47:54 Iron Casting
47:35 Chain Mail Armor
51:08 Elite Skirmisher
58:35 Ballistics
59:40 Long Swordsman
DarkDaiver
2:58 Loom
8:30 Feudal Age
11:37 Castle Age
9:27 Double-Bit Axe
9:42 Horse Collar
10:16 Gold Mining
12:39 Bow Saw
14:54 Wheelbarrow
14:41 Stone Mining
16:06 Heavy Plow
20:55 Gold Shaft Mining
22:43 Scale Barding Armor
23:17 Ballistics
23:58 Forging
24:57 Hand Cart
25:32 Chain Barding Armor
28:08 Fletching
28:54 Iron Casting
31:34 Imperial Age
30:45 Stone Shaft Mining
31:39 Light Cavalry
32:29 Bloodlines
32:20 Husbandry
32:59 Plate Barding Armor
33:25 Blast Furnace
33:07 Conscription
34:00 Fortified Wall
35:12 Chemistry
34:24 Hussar
36:09 Double Crossbow
37:29 Elite Ballista Elephant
41:25 Siege Engineers
42:31 Caravan
43:59 Bodkin Arrow
45:42 Crop Rotation
62:05 Bracer
The Iron Marshal
6:36 Feudal Age
10:50 Castle Age
9:07 Double-Bit Axe
10:11 Loom
12:00 Bow Saw
11:34 Horse Collar
13:58 Scale Barding Armor
14:31 Fletching
21:38 Wheelbarrow
21:39 Gold Mining
24:49 Hand Cart
26:02 Fortified Wall
28:38 Imperial Age
27:55 Forging
28:07 Chain Barding Armor
28:45 Bloodlines
28:35 Husbandry
29:45 Conscription
30:13 Caravan
31:10 Plate Barding Armor
31:11 Iron Casting
32:00 Masonry
31:58 Siege Engineers
33:54 Town Watch
35:50 Bodkin Arrow
36:56 Blast Furnace
35:39 Heavy Camel Rider
37:31 Chemistry
36:27 Murder Holes
37:17 Elite Mameluke
44:01 Counterweights
51:11 Onager
59:25 Bracer
65:06 Siege Onager
66:21 Capped Ram
The OG PinkMan
8:30 Feudal Age
9:47 Double-Bit Axe
12:13 Castle Age
9:58 Horse Collar
19:30 Loom
20:21 Wheelbarrow
21:11 Heavy Plow
27:02 Imperial Age
24:48 Hand Cart
27:05 Scale Barding Armor
27:10 Forging
26:47 Heavy Camel Rider
27:42 Bloodlines
28:20 Chain Barding Armor
28:23 Conscription
28:17 Husbandry
29:44 Bow Saw
30:41 Plate Barding Armor
30:52 Iron Casting
32:50 Blast Furnace
39:41 Cavalier
41:22 Savar
44:58 Light Cavalry
49:41 Hussar
57:33 Man-at-Arms
58:11 Long Swordsman
Connection lost

Rejoining the realm…

Still unreachable

The connection could not be restored.

Session expired

The server has moved on; the page needs a fresh start.